 Dungeon Crawl Stone Soup version 0.13.1-19-g4b9377e (webtiles) character file.

754 Chiseanne the Ducker (level 7, -1/55 HPs)
             Began as a Merfolk Fighter on Dec 20, 2013.
             Was an Initiate of Okawaru.
             Slain by a rat (2 damage)
             ... on Level 5 of the Dungeon.
             The game lasted 00:17:32 (6062 turns).

Chiseanne the Ducker (Merfolk Fighter)              Turns: 6062, Time: 00:17:33

HP  -1/55        AC  8     Str 21      XL: 7   Next: 73%
MP   6/6         EV  7     Int  3      God: Okawaru [......]
Gold 22          SH 20     Dex 14      Spells:  0 memorised,  6 levels left

Res.Fire  : . . .   See Invis. : +   a - +9,+7 mace of Xefeep {venom, Int-2 SInv}
Res.Cold  : . . .   Warding    : .   b - +0 scale mail
Life Prot.: . . .   Conserve   : .   c - +0 shield
Res.Poison: .       Res.Corr.  : .   (no helmet)
Res.Elec. : .       Clarity    : +   j - +0 cloak
Sust.Abil.: + .     Spirit.Shd : .   (no gloves)
Res.Mut.  : .       Stasis     : .   (no boots)
Res.Rott. : .       Flight     : .   (no amulet)
Saprovore : . . .                    g - +5 ring of strength
                                     o - ring of sustain abilities

@: slightly resistant to hostile enchantments, extremely unstealthy
A: change form in water, swift swim, clarity, Int -2, Dex -2
a: Renounce Religion


You were on level 5 of the Dungeon.
You worshipped Okawaru.
Okawaru was noncommittal.
You were near starving.

You visited 2 branches of the dungeon, and saw 6 of its levels.

You collected 167 gold pieces.
You spent 165 gold pieces at shops.

Inventory:

Hand weapons
 a - the +9,+7 mace of Xefeep (weapon) {venom, Int-2 SInv}
   (You found it on level 5 of the Dungeon)

   It poisons the flesh of those it strikes.
   It affects your intelligence (-2).
   It enhances your eyesight.
 e - a -1,+0 orcish war axe
Missiles
 f - 11 poisoned needles
 s - a dart (quivered)
Armour
 b - a +0 scale mail (worn)
 c - a +0 shield (worn)
 j - a +0 cloak (worn)
Comestibles
 d - 3 bread rations
 m - 2 meat rations
Scrolls
 h - a scroll of amnesia {unknown}
 k - 2 scrolls of teleportation {unknown}
 l - 5 scrolls of remove curse
 n - 3 scrolls of identify
 p - 2 scrolls of blinking {unknown}
 q - a scroll of fog
 r - a scroll of enchant weapon I {unknown}
 u - 3 scrolls of fear
 v - 2 scrolls of enchant weapon II {unknown}
 w - a scroll of magic mapping {unknown}
 y - 2 scrolls of recharging {unknown}
Jewellery
 g - a +5 ring of strength (right hand)
 o - a ring of sustain abilities (left hand)
 x - an uncursed ring of wizardry
Potions
 i - a potion of agility
 B - a potion of restore abilities
 C - a potion of magic
 D - a potion of curing


   Skills:
 * Level 4.8 Fighting
 - Level 1.7 Axes
 * Level 3.9 Armour
 * Level 5.9 Dodging
 * Level 4.9 Shields


You had 6 spell levels left.
You didn't know any spells.

Dungeon Overview and Level Annotations

Branches:
Dungeon (5/27)             Temple (1/1) D:4

Altars:
Ashenzari
Cheibriados
Elyvilon
Fedhas
Makhleb
Nemelex Xobeh
Okawaru
Sif Muna
Trog
Vehumet
Xom
Yredelemnul
Zin

Shops:
D:4 !

Annotations:
D:5 Prince Ribbit


Innate Abilities, Weirdness & Mutations

You revert to your normal form in water.
You are very nimble and swift while swimming.
You possess an exceptional clarity of mind.
You are clumsy. (Dex -2)
You are dopey. (Int -2)


Message History

Prince Ribbit blinks!
You block the rat's attack.
You closely miss the rat. The rat barely misses you.
You block Prince Ribbit's attack. The rat bites you but does no damage.
Prince Ribbit momentarily phases out as your attack passes through him.
Prince Ribbit is almost dead.
Prince Ribbit hits you!
* * * LOW HITPOINT WARNING * * *
Prince Ribbit hits you but does no damage.
The rat bites you.
* * * LOW HITPOINT WARNING * * *
Your shield prevents you from hitting Prince Ribbit.
Prince Ribbit is almost dead.
Prince Ribbit croaks regally.
Prince Ribbit barely misses you. The rat completely misses you.
Prince Ribbit hits you!
* * * LOW HITPOINT WARNING * * *
Prince Ribbit momentarily phases out as your attack passes through him.
Prince Ribbit is almost dead.
Prince Ribbit blinks!
The rat bites you.
You die...

#### #.. # ########
#.# .
#......######.### .
#.####........@.#
.##.##...######r#ยง#
..<....#.# #.#.#
..#.####.# #....
....####.# ###F##
.........# ..
....###### .#.
....####### .#
....#.....# #


You could see Prince Ribbit and a rat.

Vanquished Creatures
  2 ogres (D:4)
  A centaur (D:3)
  2 orc priests (D:3)
  3 orc wizards
  A scorpion (D:4)
  3 worker ants (D:4)
  An ogre skeleton (D:4)
  6 adders
  3 gnolls
  2 giant mites
  4 worms
  An adder zombie (D:5)
  An iguana skeleton (D:5)
  3 giant geckos
  An ooze (D:2)
  17 orcs
  4 giant cockroaches
  8 goblins
  11 hobgoblins
  11 kobolds
  3 quokkas
  4 training dummies (D:4)
  A ball python (D:1)
  9 bats
  5 giant newts
  A goblin skeleton (D:4)
  7 jackals (D:2)
  A kobold skeleton (D:4)
  11 rats
127 creatures vanquished.

Notes
Turn   | Place    | Note
--------------------------------------------------------------
     0 | D:1      | Chiseanne, the Merfolk Fighter, began the quest for the Orb.
     0 | D:1      | Reached XP level 1. HP: 18/18 MP: 0/0
   350 | D:1      | Reached XP level 2. HP: 24/24 MP: 1/1
   367 | D:1      | Reached skill level 1 in Dodging
  1053 | D:2      | Reached XP level 3. HP: 26/30 MP: 2/2
  1510 | D:2      | Reached XP level 4. HP: 21/36 MP: 3/3
  2282 | D:2      | Reached XP level 5. HP: 33/42 MP: 4/4
  2642 | D:2      | Reached skill level 4 in Fighting
  3092 | D:3      | Noticed a centaur
  3107 | D:3      | Killed a centaur
  3107 | D:3      | Reached XP level 6. HP: 22/49 MP: 5/5
  3278 | D:3      | Found a radiant altar of Vehumet.
  4657 | D:4      | Reached skill level 5 in Dodging
  4657 | D:4      | Reached XP level 7. HP: 44/54 MP: 6/6
  4812 | D:4      | Found an iron altar of Okawaru.
  4823 | D:4      | Became a worshipper of Warmaster Okawaru
  5033 | D:4      | HP: 1/55 [orc wizard/puff of flame (15)]
  5200 | D:4      | Found Jyh Och's Distillery.
  5208 | D:4      | Bought a potion of degeneration for 22 gold pieces
  5208 | D:4      | Bought a potion of confusion for 11 gold pieces
  5208 | D:4      | Bought a potion of restore abilities for 33 gold pieces
  5208 | D:4      | Bought a potion of magic for 77 gold pieces
  5208 | D:4      | Bought a potion of curing for 22 gold pieces
  5212 | D:4      | Gained mutation: You are dopey. (Int -2) [potion of mutation]
  5212 | D:4      | Gained mutation: You possess an exceptional clarity of mind. [potion of mutation]
  5212 | D:4      | Gained mutation: You are clumsy. (Dex -2) [potion of mutation]
  5602 | D:4      | Found a staircase to the Ecumenical Temple.
  5690 | Temple   | Entered the Ecumenical Temple
  5988 | D:5      | Entered Level 5 of the Dungeon
  6003 | D:5      | Got a brightly glowing mace
  6028 | D:5      | Identified the +9,+7 mace of Xefeep {venom, Int-2 SInv} (You found it on level 5 of the Dungeon)
  6052 | D:5      | Noticed Prince Ribbit
  6061 | D:5      | HP: 1/55 [Prince Ribbit (8)]
  6062 | D:5      | Slain by a rat

Action                   |  1- 3 |  4- 6 |  7- 9 || total
-------------------------+-------+-------+-------++-------
Melee: Hand axe          |   114 |   315 |    83 ||   512
       War axe           |       |       |    37 ||    37
       Mace              |       |       |    10 ||    10
  Use: Scroll            |     1 |     2 |     1 ||     4
       Potion            |     2 |     4 |     7 ||    13
 Stab: Invisible         |       |     6 |       ||     6
